 Dungeon Crawl Stone Soup version 0.28-a0-1415-g7c84da036a (webtiles) character file.

Game seed: 11673393245283544172

1327 shadowrider38 the Shield-Bearer (level 8, -3/68 (73) HPs)
             Began as a Minotaur Fighter on Jan 8, 2022.
             Was an Initiate of Gozag.
             Slain by a profane servitor (7 damage)
             ... on level 1 of the Abyss.
             The game lasted 00:10:14 (5232 turns).

shadowrider38 the Shield-Bearer (Minotaur Fighter)  Turns: 5232, Time: 00:10:16

HP:   -3/68 (73)    AC: 11    Str: 22    XL:     8   Next: 34%
MP:   7/7           EV:  7    Int:  5    God:    Gozag
Gold: 388           SH:  6    Dex: 14    Spells: 7/7 levels left

rFire   + . .      SeeInvis .   a - +0 war axe
rCold   + . .      Faith    .   c - +0 buckler
rNeg    . . .      Spirit   .   w - +0 chain mail
rPois   +          Reflect  .   (helmet restricted)
rElec   +          Harm     .   (no cloak)
rCorr   +          Rampage  .   x - +0 pair of gloves
Will    .....      NoTele   +   (no boots)
Stlth   ..........              u - amulet "Quady" {-Tele Regen+ Dex+3}
HPRegen 1.01/turn               (no ring)
MPRegen 0.10/turn               (no ring)

@: mighty, resistant, wreathed by umbra, drained
A: horns 2, retaliatory headbutt
a: Renounce Religion, Potion Petition, Call Merchant, Bribe Branch


You were on level 1 of the Abyss.
You worshipped Gozag.
Gozag was aware of your devotion.
You visited 1 branch of the dungeon, and saw 5 of its levels.
You visited the Abyss 1 time.
You also visited: Sewer.

You collected 834 gold pieces.
You paid 446 gold pieces to Gozag.

Inventory:

Hand Weapons
 a - a +0 war axe (weapon)
Missiles
 e - 452 stones (quivered)
 j - 28 poisoned darts
 o - a throwing net
 z - 7 curare-tipped darts
Armour
 c - a +0 buckler (worn)
 w - a +0 chain mail (worn)
 x - a +0 pair of gloves (worn)
 D - a +0 plate armour
Jewellery
 b - a ring of fire
 u - the amulet "Quady" (around neck) {-Tele Regen+ Dex+3}
   (You found it on level 4 of the Dungeon)

   [amulet of regeneration]

   Dex:       It affects your dexterity (+3).
   -Tele:     It prevents most forms of teleportation.
   Regen:     It increases your rate of health regeneration.
Wands
 C - a wand of iceblast (2)
Scrolls
 f - 2 scrolls of enchant weapon {unknown}
 k - a scroll of noise {unknown}
 l - a scroll of fog {unknown}
 m - 3 scrolls of vulnerability
 n - 4 scrolls of teleportation
 s - a scroll of magic mapping {unknown}
 t - a scroll of holy word {unknown}
 y - a scroll of torment {unknown}
Potions
 d - 3 potions of might
 g - a potion of ambrosia
 h - a potion of cancellation
 i - a potion of brilliance
 p - 2 potions of lignification {unknown}
 q - 3 potions of heal wounds
 r - a potion of haste {unknown}
 v - a potion of invisibility {unknown}
 A - a potion of curing
 B - 2 potions of flight


   Skills:
 + Level 7.1 Fighting
 + Level 6.4 Axes
 + Level 7.0 Armour
 + Level 7.1 Shields
 + Level 0.6 Evocations


You had 7 spell levels left.
You didn't know any spells.
Your spell library contained the following spells:

 Spells                   Type           Power      Damage    Failure   Level
 Sandblast                Erth           0%         2d4       99%         1
 Passwall                 Tmut/Erth      0%         N/A       100%        2
 Stone Arrow              Conj/Erth      0%         3d7       100%        3
 Animate Dead             Necr           0%         N/A       100%        4
 Borgnjor's Vile Clutch   Necr/Erth      0%         N/A       100%        5
 Death Channel            Necr           0%         N/A       100%        6


Dungeon Overview and Level Annotations

Branches:
Dungeon (5/15)              Sewer (visited)
 Temple: D:4-7

Altars:
Ashenzari
Dithmenos
Gozag
Trog
Yredelemnul

Shops:
D:5 (


Innate Abilities, Weirdness & Mutations

You have a pair of horns on your head.
You reflexively headbutt those who attack you in melee.


Message History

The profane servitor hits you with a +2 whip of freezing.
The profane servitor freezes you.
The profane servitor hits you but does no damage.
The profane servitor barely misses you.
You completely miss the profane servitor.
Your headbutt misses the profane servitor.
The profane servitor closely misses you.
The profane servitor hits you but does no damage.
You miss the profane servitor.
You block the profane servitor's attack.
The profane servitor hits you with a +2 whip of freezing.
You feel drained. The profane servitor freezes you.
The profane servitor closely misses you.
The profane servitor hits you with a +2 whip of freezing.
The profane servitor freezes you.
Okay, then.
You completely miss the profane servitor.
The profane servitor hits you with a +2 whip of freezing!
The profane servitor draws strength from your injuries!
The profane servitor freezes you.
* * * LOW HITPOINT WARNING * * *
You block the profane servitor's attack.
The profane servitor hits you but does no damage.
The profane servitor hits you with a +2 whip of freezing.
* * * LOW HITPOINT WARNING * * *
The profane servitor freezes you.
* * * LOW HITPOINT WARNING * * *
[a] - 420 gold - resistance and might [b] - 493 gold - lignification, might and resistance [c] - 242 gold - curing and magic Purchase which effect?
You no longer have enough gold to petition Gozag for potion effects.
You no longer have enough gold to fund merchants seeking to open stores in the dungeon.
You feel protected.
You feel very mighty all of a sudden.
The profane servitor hits you with a +2 whip of freezing!
* * * LOW HITPOINT WARNING * * *
The profane servitor draws strength from your injuries!
The profane servitor hits you with a +2 whip of freezing!
You die...
Your body crumbles into a pile of gold.

.# ## #. ...###. ..
# ....#.. . ## ..
....... . .# .. ##
... #..#.#..#.# .#
####. #...##.#..#
.##.... ##XA##...#
.. ...######..#@..#
..##..#..#.#..###.#
# #. #..#..#?#..#
.# #....#....###.#
# ##.#.#.. ..#.#
..# $ ## #. ...
.#.# # ... .
.#..#...#.. ##.. ##
##......##...# .. #
..#..# # #...# ..


You could see a profane servitor and a large abomination.

Vanquished Creatures
  A neqoxec (Abyss:1)
  2 sky beasts
  5 kobold brigands
  A scorpion (D:4)
  A water moccasin skeleton (D:5)
  2 jellies
  Jessica (D:2)
  An iguana (D:5)
  3 orc wizards
  13 gnolls (D:5)
  8 adders
  5 river rats
  2 worms (D:2)
  A dart slug (D:2)
  7 orcs
  5 ball pythons
  2 endoplasms (D:2)
  8 giant cockroaches
  9 hobgoblins
  3 jackals
  39 kobolds
  3 quokkas
  4 bats (D:2)
  A frilled lizard (D:1)
  5 goblins
  9 rats
141 creatures vanquished.

Notes
Turn   | Place    | Note
-------+----------+-------------------------------------------
     0 | D:1      | shadowrider38 the Minotaur Fighter began the quest for the
                  | Orb.
     0 | D:1      | Reached XP level 1. HP: 19/19 MP: 0/0
   190 | D:1      | Reached XP level 2. HP: 18/27 MP: 1/1
   914 | D:1      | Found a shadowy altar of Dithmenos.
  1090 | D:2      | Reached XP level 3. HP: 22/33 MP: 2/2
  1283 | D:2      | Noticed Jessica
  1298 | D:2      | Killed Jessica
  1456 | D:2      | Reached XP level 4. HP: 31/41 MP: 3/3
  1913 | D:2      | Found a basalt altar of Yredelemnul.
  1970 | D:2      | Reached XP level 5. HP: 42/47 MP: 4/4
  2699 | D:3      | Found an opulent altar of Gozag.
  2723 | D:3      | Found a bloodstained altar of Trog.
  2790 | D:3      | Became a worshipper of Gozag Ym Sagoz the Greedy
  2825 | D:3      | Noticed an ogre
  3148 | D:4      | Identified the amulet "Quady" {-Tele Regen+ Dex+3}
  3245 | D:4      | Reached skill level 5 in Fighting
  3245 | D:4      | Reached skill level 5 in Armour
  3245 | D:4      | Reached skill level 5 in Shields
  3562 | D:4      | Reached XP level 6. HP: 54/56 MP: 5/5
  3835 | D:5      | Entered Level 5 of the Dungeon
  3976 | D:5      | Noticed a sky beast
  3995 | D:4      | Killed a sky beast
  3996 | D:4      | Reached skill level 5 in Axes
  3996 | D:4      | Reached XP level 7. HP: 26/62 MP: 6/6
  4110 | D:5      | Found a shadowy altar of Dithmenos.
  4191 | D:5      | Found a glowing drain.
  4195 | Sewer    | Entered a sewer
  4412 | Sewer    | Found a glowing silver altar of Zin.
  4478 | D:5      | Found Qyhiakhla's Antique Weapon Emporium.
  4698 | D:5      | Found a broken altar of Ashenzari.
  4951 | D:5      | Reached XP level 8. HP: 62/71 MP: 7/7
  5074 | D:5      | Cast into level 1 of the Abyss (gnoll)
  5216 | Abyss:1  | Noticed a profane servitor
  5223 | Abyss:1  | Noticed a large abomination
  5232 | Abyss:1  | Slain by a profane servitor

Illustrated notes

Levels and vault maps discovered:
D:1:      sevenhm_arrival_forest_fort_small_6, layout_basic, st_stairs_8
D:2:      layout_basic, basic_altar, minmay_pentomino_t2, uniq_jessica
D:3:      layout_rooms, mainiacjoe_overflow_catwalk_spiral,
          minmay_misc_feat_columns
D:4:      layout_cave_pools, grunt_ministairs_6
D:5:      minmay_goblin_kobold_castle, layout_cave_pools, old_standard_altar,
          nicolae_dithmenos_shadow_blocks, serial_shops, nicolae_shop_stone,
          gup_sewer_entry_bowl, minmay_misc_feat_encased,
          hangedman_decor_growths
Abyss:1:  base:
Temple

Skill      XL: |  1  2  3  4  5  6  7  8 |
---------------+-------------------------+-----
Fighting       | 4 5 6 7 |  7.1
Shields        | 4 5 6 7 |  7.1
Armour         | 4 5 6 7 |  7.0
Axes           | 3 4 5 6 |  6.4
Evocations     | |  0.6

Action                   |  1- 3 |  4- 6 |  7- 9 || total
-------------------------+-------+-------+-------++-------
Melee: War axe           |    70 |   146 |   150 ||   366
       Headbutt          |     5 |    20 |    27 ||    52
Throw: Stone             |     3 |     5 |     5 ||    13
Invok: Potion Petition   |       |       |     1 ||     1
  Use: Scroll            |       |     5 |     1 ||     6
 Stab: Distracted        |       |     1 |     1 ||     2
Armor: Scale mail        |    30 |    39 |       ||    69
       Chain mail        |       |    32 |   105 ||   137
Dodge: Dodged            |    23 |    49 |    70 ||   142
Block: Buckler           |    17 |    23 |    51 ||    91

Table legend: (Time is in decaauts)
 A = Elapsed time spent in this place.
 B = Non-inter-level travel time spent in this place.
 C = Inter-level travel time spent in this place.
 D = Time resting spent in this place.
 E = Time spent auto-exploring this place.
 F = Levels seen in this place.
 G = Mean time per level.
                   A        B        C        D        E       F      G
               +--------+--------+--------+--------+--------+-----+--------+
         Total |   5389 |   5250 |    139 |   1398 |   2497 |   7 |  769.9 |
       Dungeon |   4934 |   4795 |    139 |   1298 |   2383 |   5 |  986.8 |
         Abyss |    159 |    159 |      0 |      0 |      0 |   1 |  159.0 |
         Sewer |    295 |    295 |      0 |    100 |    113 |   1 |  295.0 |
               +--------+--------+--------+--------+--------+-----+--------+

Top non-repeatable levels by time:
     D:2: 1639 daAuts
     D:1: 997 daAuts
     D:5: 982 daAuts
     D:4: 853 daAuts
     D:3: 461 daAuts
   Sewer: 295 daAuts
 Abyss:1: 159 daAuts
